 Dungeon Crawl Stone Soup version 0.31-a0-949-g57150269e1 (webtiles) character file.

Game seed: 6804809230788285434

212 skwerlee the Covered (level 5, -1/47 HPs)
             Began as a Minotaur Fighter on Oct 22, 2023.
             Splashed by a jelly's acid (5 damage)
             ... on level 5 of the Dungeon.
             The game lasted 00:03:56 (4168 turns).

skwerlee the Covered (Minotaur Fighter)             Turns: 4168, Time: 00:03:56

Health: -1/47      AC: -4    Str: 22    XL:     5   Next: 58%
Magic:  4/4        EV: 10    Int:  5    God:
Gold:   207        SH:  4    Dex: 10    Spells: 4/4 levels left

rFire   . . .        a - +0 war axe
rCold   . . .        c - +0 buckler
rNeg    . . .        b - +0 scale mail
rPois   .            (helmet restricted)
rElec   .            (no cloak)
rCorr   .            (no gloves)
SInv    .            (no boots)
Will    .....        (no amulet) Stlth
                     (no ring)
HPRegen 0.27/turn    (no ring)
MPRegen 0.09/turn

%: no passive effects
@: corroded
A: horns 2, retaliatory headbutt
a: no special abilities


You were on level 5 of the Dungeon.
You visited 1 branch of the dungeon, and saw 5 of its levels.

You collected 231 gold pieces.
You spent 24 gold pieces at shops.

Inventory:

Hand Weapons
 a - a +0 war axe (weapon)
Missiles
 q - a throwing net
Armour
 b - a +0 scale mail (worn)
 c - a +0 buckler (worn)
Jewellery
 j - a ring of protection from cold
Wands
 k - a wand of polymorph (10)
 w - a wand of iceblast (7)
 B - a wand of paralysis (6)
Scrolls
 g - 3 scrolls of identify
 h - a scroll of teleportation
 m - a scroll of poison {unknown}
 n - a scroll of fear {unknown}
 r - a scroll of immolation {unknown}
 t - 2 scrolls of vulnerability {unknown}
 u - 2 scrolls of fog {unknown}
 x - a scroll of amnesia {unknown}
 y - a scroll of enchant weapon {unknown}
 A - a scroll of revelation {unknown}
 C - a scroll of torment {unknown}
Potions
 d - 2 potions of might
 e - 2 potions of degeneration
 f - a potion of attraction {unknown}
 i - a potion of enlightenment {unknown}
 l - 4 potions of haste
 o - a potion of heal wounds {unknown}
 p - a potion of brilliance {unknown}
 s - a potion of cancellation {unknown}
 v - a potion of berserk rage {unknown}
 z - a potion of mutation {unknown}


   Skills:
 + Level 4.4 Fighting
 + Level 4.6 Axes
 + Level 4.9 Armour
 + Level 1.3 Dodging
 + Level 0.1 Stealth
 + Level 4.5 Shields


You had 4 spell levels left.
You didn't know any spells.
Your spell library contained the following spells:

 Spells                   Type           Power      Damage    Failure   Level
 Scorch                   Fire           0%         2d5       94%         2
 Flame Wave               Conj/Fire      0%         2d4       100%        4
 Summon Cactus Giant      Summ           0%         N/A       100%        6


Dungeon Overview and Level Annotations

Branches:
Dungeon (5/15)
 Temple: D:4-7

Altars:
Gozag

Shops:
D:1 *


Innate Abilities, Weirdness & Mutations

You have a pair of horns on your head.
You reflexively headbutt those who attack you in melee.


Message History

You are too injured to fight recklessly!
You are too injured to fight recklessly!
You are too injured to fight recklessly!
You are too injured to fight recklessly!
You are too injured to fight recklessly!
You are too injured to fight recklessly!
You are too injured to fight recklessly!
You are too injured to fight recklessly!
You are too injured to fight recklessly!
You are too injured to fight recklessly!
You are too injured to fight recklessly!
You are too injured to fight recklessly!
You are too injured to fight recklessly!
You are too injured to fight recklessly!
You are too injured to fight recklessly!
You are too injured to fight recklessly!
You are too injured to fight recklessly!
You are too injured to fight recklessly!
You are too injured to fight recklessly!
You are too injured to fight recklessly!
You are too injured to fight recklessly!
You are too injured to fight recklessly!
You are too injured to fight recklessly!
You are too injured to fight recklessly!
You are too injured to fight recklessly!
You are too injured to fight recklessly!
You are too injured to fight recklessly!
You are too injured to fight recklessly!
You are too injured to fight recklessly!
You are too injured to fight recklessly!
You are too injured to fight recklessly!
You are too injured to fight recklessly!
You are too injured to fight recklessly!
You are too injured to fight recklessly!
You barely miss the jelly.
The jelly is heavily wounded.
The jelly misses you. You furiously retaliate!
You headbutt the jelly, but do no damage.
You hit the jelly but do no damage.
Your hands burn!
You die...

#........##...#
######..#....##...#
#.........#.#######
##.......#..#
#.####.##.## #.#
..##.# ##.###.##.
#.?.......
#.@?###... #...J###
## ###.. .. #.. #
..# ...#### ...
....).< ###.
######. .. ##


You could see a jelly.

Vanquished Creatures
  A jelly (D:4)
  6 adders
  3 gnolls (D:3)
  A shadow imp (D:5)
  2 worms
  2 dart slugs
  10 orcs
  3 bats
  5 endoplasms
  3 giant cockroaches
  13 hobgoblins
  2 jackals (D:4)
  5 quokkas
  4 ball pythons
  A frilled lizard (D:1)
  4 goblins (D:3)
  3 kobolds
  4 rats
72 creatures vanquished.

Notes
Turn   | Place    | Note
-------+----------+-------------------------------------------
     0 | D:1      | skwerlee the Minotaur Fighter began the quest for the Orb.
     0 | D:1      | Reached XP level 1. HP: 19/19 MP: 0/0
   376 | D:1      | Reached XP level 2. HP: 27/27 MP: 1/1
   546 | D:1      | Found Qofrea's General Store.
   557 | D:1      | Bought a scroll of identify for 24 gold pieces
  1298 | D:2      | Reached XP level 3. HP: 12/33 MP: 2/2
  2222 | D:3      | Reached XP level 4. HP: 36/40 MP: 3/3
  2645 | D:3      | Reached skill level 1 in Dodging
  3251 | D:4      | Reached XP level 5. HP: 43/47 MP: 4/4
  3603 | D:4      | Identified the +5 rapier "Vamel" {heavy, rPois Int+3
                  | Stlth+}
  3761 | D:5      | Entered Level 5 of the Dungeon
  4085 | D:5      | Found an opulent altar of Gozag.
  4168 | D:5      | Splashed by a jelly's acid

Illustrated notes

Levels and vault maps discovered:
D:1:      matt_arrival_spirals, layout_loops_ring, serial_shops,
          nicolae_diamond_shop, roderic_serpentine_path, minmay_misc_feat_room,
          dk_noncrumbling_3, nrook_loot_triangle
D:2:      layout_basic, serial_bayou_ford_a, nicolae_the_louvre
D:3:      layout_basic, minmay_goblin_outpost
D:4:      layout_loops_ring
D:5:      layout_rooms, lemuel_crystal_altar, nicolae_tso_swordbearing_angel

Skill      XL: |  1  2  3  4 |
---------------+-------------+-----
Armour         | 4 |  4.9
Fighting       | 4 |  4.4
Axes           | 3 4 |  4.6
Shields        | 4 |  4.5
Dodging        | 1 |  1.3
Stealth        | |  0.1

Action                     |  1- 3 |  4- 6 || total
---------------------------+-------+-------++-------
  Melee: War axe           |    77 |    86 ||   163
         Headbutt          |     9 |    11 ||    20
    Use: Scroll            |     3 |       ||     3
 Armour: Scale mail        |    49 |    59 ||   108
  Dodge: Dodged            |    37 |    39 ||    76
  Block: Buckler           |    18 |    11 ||    29

Table legend: (Time is in decaauts)
 A = Elapsed time spent in this place.
 B = Non-inter-level travel time spent in this place.
 C = Inter-level travel time spent in this place.
 D = Time resting spent in this place.
 E = Time spent auto-exploring this place.
 F = Levels seen in this place.
 G = Mean time per level.
                   A        B        C        D        E       F      G
               +--------+--------+--------+--------+--------+-----+--------+
         Total |   4233 |   4151 |     82 |   1246 |   2430 |   5 |  846.6 |
       Dungeon |   4233 |   4151 |     82 |   1246 |   2430 |   5 |  846.6 |
               +--------+--------+--------+--------+--------+-----+--------+

Top non-repeatable levels by time:
     D:3: 1154 daAuts
     D:1: 1042 daAuts
     D:2: 1039 daAuts
     D:4: 579 daAuts
     D:5: 417 daAuts
